AoeStats
← FirebirD

Arabia

509063828Analyzed
2v2 RM · 6d ago on Sep 25, 2026· 37m 54s· 4 players
Game mode
Random Map
Map size
Medium (4 player)
Population
200
Speed
Normal
Resources
Standard
Victory
Conquest
Starting age
Dark Age
Ending age
Imperial Age
RankedLock teamsTeams togetherTeam positionsShared explorationLock speedFull tech treeHidden civsTurbo modeCheats
Victory
Defeat
🇪🇸 Magyars · Spain
1475
+16
🇪🇸 Varangians · Spain
1422
+18
🇫🇷 Varangians · France
1471
-17
🇫🇷 Danes · France
1465
-17
Don Roscon
7:00 Loom
9:18 Feudal Age
9:56 Double-Bit Axe
11:17 Horse Collar
17:09 Bloodlines
20:54 Forging
24:48 Castle Age
23:43 Gold Mining
24:13 Scale Barding Armor
24:50 Light Cavalry
26:28 Chain Barding Armor
27:24 Husbandry
28:47 Bow Saw
31:26 Iron Casting
31:21 Heavy Plow
FirebirD
6:08 Loom
8:24 Feudal Age
20:17 Castle Age
18:21 Double-Bit Axe
19:03 Horse Collar
20:54 Fletching
22:51 Bodkin Arrow
27:40 Ballistics
27:28 Husbandry
29:38 Bloodlines
32:14 Thumb Ring
32:25 Padded Archer Armor
36:41 Wheelbarrow
36:19 Bow Saw
36:09 Heavy Plow
40:20 Imperial Age
Sire_Ryl
9:15 Feudal Age
9:22 Man-at-Arms
15:09 Double-Bit Axe
19:05 Loom
23:29 Castle Age
22:01 Scale Mail Armor
23:26 Forging
26:09 Fletching
29:49 Bow Saw
33:32 Squires
33:57 Horse Collar
35:24 Pikeman
Sire_Cal
6:08 Loom
9:01 Feudal Age
11:58 Bloodlines
17:56 Double-Bit Axe
18:10 Horse Collar
23:46 Castle Age
23:13 Gold Mining
23:38 Scale Barding Armor
24:29 Light Cavalry
26:10 Husbandry
29:59 Chain Barding Armor
31:55 Forging
33:49 Iron Casting
Connection lost

Rejoining the realm…

Still unreachable

The connection could not be restored.

Session expired

The server has moved on; the page needs a fresh start.